Unix NetHack Version 5.0.0-0 post-release - last build May 10 2026 23:12:36 (d1fa5d53e341ca933230fdaa984d921c805b60aa,branch:main).

Game began 2026-05-15 20:01:12, ended 2026-05-15 23:36:14.

Brudee, neutral female human Tourist

                                                         ------
                             ----      ---------   ---- --.<..|
                            --..---   --.......--  |..--|..|..|   ------
                            |.....|  --.........----...--.---------.--.|
      ----                  |-....-- |...........'@...)[).*............|
      |..|        ----      |......----.............--*--.-------......|
      |..--       |..----  --.......--|...%.........--....--    ---..---  ----
 ---- ---.---     |.....-- |..........|--..).....[.........------ ---- ----..|
 |..--- |...|     |......----.........| --%.................--..|      |.....|
 |....---...|     |.|.....--|........--  |......................|      --....|
 --....|....|     |.|-.....--.-......-----.....................--      --....|
  ----....--- -----.|.........................0................---   ---.....|
     |...--  --.......--..-------.....-----..........---.........--  |.......|
     |..-|  --......----.-|     |.....|   ---........-------..--..----.......|
     --..----.....--.--...----  --....--    --.........|   |.......|-...--...--
      ---.--...-...........|.--  ----..|    --.........-----......--....--....|
       |......................---   |..|    |...............--.......--......--
       |...---..................|   ----    --....................----|...----
       ---.| -----..>.....|.....|            --............----..--   -----
         ---     --.----.---.|.--             ---.--.-------  ----
                  ---  --- -----                ------
Brudee the Excursionist     St:13 Dx:14 Co:14 In:10 Wi:7 Ch:18  Neutral S:2218
Dlvl:6  $:249 HP:0(43) Pw:20(20) AC:0  Xp:6/485 T:2174  Burdened

Latest messages:
 You hear some noises.
 You have a little trouble lifting h - an orange potion.
 It bites the dwarf.
 The dwarf is killed!
 Your dog eats a dwarf corpse.
 With great effort you move the boulder.
 A thonged club misses you.
 The thonged club returns to its hand!
 A thonged club misses you.
 The gnome swings her thonged club.
 The gnome just misses!
 You miss the gnome.
 You hit the gnome.
 The gnome swings her thonged club.
 The gnome hits!
 You kill the gnome!
 You hear some noises in the distance.
 There is a gnome corpse here; eat it? [ynq] (n) y
 This gnome corpse is tough.
 You stop eating the gnome corpse.
 The gnome picks up a thonged club.
 You miss the gnome.
 The gnome wields a thonged club!
 The gnome secures the tether on the thonged club.
 The thonged club welds itself to the gnome's hand!
 The gnome swings his thonged club.
 The gnome misses!
 You hit the gnome!
 The gnome reads a scroll labeled KO BATE!
 A lizard suddenly appears next to you!
 The gnome swings his thonged club.
 The gnome hits!
 The lizard bites!
 In what direction? u
 You throw 2 darts.
 The 1st dart hits the gnome!
 You kill the gnome!
 You have a little trouble lifting a - a +2 dart (at the ready) (5 in total).
 In what direction? j
 You throw 2 darts.
 The 1st dart hits the lizard.
 The 2nd dart hits the lizard!
 The lizard bites!
 What do you want to drink? [hsGJ or ?*] ?
 What do you want to drink? [hsGJ or ?*] <space>
 Never mind.
 The gold golem hits!
 You die...
 Do you want your possessions identified? [ynq] (y) y
 Do you want to see your attributes? [ynq] (y) q

Inventory:
 Coins    ('$')
  $ - 249 gold pieces
 Weapons  (')')
  a - 3 +2 darts (at the ready)
  H - 3 +1 darts
  I - 14 +0 darts
  D - a rustproof +0 dagger
  v - 11 +0 daggers
  w - a +0 dwarvish short sword (weapon in right hand)
 Armor    ('[')
  C - an uncursed +0 dwarvish iron helm (being worn)
  x - an uncursed +0 pair of iron shoes (being worn)
  o - an uncursed +0 cloak of invisibility
  j - an uncursed +0 Hawaiian shirt with a water nymph motif
  B - an uncursed +0 dwarvish mithril-coat (being worn)
 Comestibles  ('%')
  d - 3 uncursed apples
  b - 3 uncursed food rations
  K - an uncursed partly eaten food ration
  L - an uncursed partly eaten food ration
  c - an uncursed tin of boiled jackal meat
  e - an uncursed tin of soup made from newt meat
  f - 4 uncursed eggs
  p - an uncursed lichen corpse
 Scrolls  ('?')
  q - an uncursed scroll of blank paper
  i - 3 uncursed scrolls of magic mapping
 Spellbooks  ('+')
  r - an uncursed spellbook of invisibility
 Potions  ('!')
  G - a blessed potion of blindness
  h - an uncursed potion of object detection
  J - a blessed potion of oil
  s - 2 uncursed potions of water
 Rings    ('=')
  u - an uncursed ring of conflict
  m - an uncursed ring of sustain ability
 Wands    ('/')
  n - a wand of make invisible (0:1)
  g - a wand of secret door detection (0:11)
 Tools    ('(')
  l - an uncursed credit card
  k - an expensive camera (0:63)
  t - an uncursed leash
 Gems/Stones  ('*')
  y - an uncursed worthless piece of blue glass
  z - an uncursed worthless piece of red glass
  A - 3 uncursed worthless pieces of white glass

Brudee the Tourist's attributes:

Background:
 You were an Excursionist, a level 6 female human Tourist.
 You were neutral, on a mission for The Lady
 who was opposed by Blind Io (lawful) and Offler (chaotic).
 You were right-handed.
 You were in the Gnomish Mines, on level 6.
 You entered the dungeon 2174 turns ago.
 It was nighttime.
 You had 485 experience points, 155 more were needed to attain level 7.
 Your score was 2218 before end-of-game adjustments.

Basics:
 You had 0 out of 43 hit points.
 You had all 20 energy points (spell power).
 Your armor class was 0.
 Your wallet contained 249 zorkmids.
 Autopickup was on for '!+?"/=$' plus thrown.

Final Characteristics:
 Your strength was 13 (limit:18/100).
 Your dexterity was 14 (limit:18).
 Your constitution was 14 (limit:18).
 Your intelligence was 10 (limit:18).
 Your wisdom was 7 (limit:18).
 Your charisma was 18 (limit:18).

Final Status:
 You weren't hungry.
 You were burdened; movement was slightly slowed.
 You were wielding a short sword.
 You had basic skill with short sword.

Final Attributes:
 You were piously aligned.
 You were guarded.
 You are dead.

Miscellaneous:
 You didn't encounter any bones levels.
 Total elapsed playing time was 24 minutes and 29 seconds.

Major events:
 Turn
    1: Brudee the neutral female human Tourist entered the dungeon
  464: entered the Gnomish Mines
  476: attained the rank of Sightseer (level 3)
  776: reached Mine Town
 1140: attained the rank of Excursionist (level 6)
 2174: killed by a gold golem

You didn't know any spells.

Skills:
 Fighting Skills
   bare handed combat [Unskilled]
   two weapon combat  [Unskilled]
   riding             [Unskilled]
 Weapon Skills
   dagger             [Unskilled]
   knife              [Unskilled]
   axe                [Unskilled]
   pick-axe           [Unskilled]
   short sword        [Basic]
   broadsword         [Unskilled]
   long sword         [Unskilled]
   two-handed sword   [Unskilled]
   saber              [Unskilled]
   mace               [Unskilled]
   morning star       [Unskilled]
   flail              [Unskilled]
   hammer             [Unskilled]
   quarterstaff       [Unskilled]
   polearms           [Unskilled]
   spear              [Unskilled]
   trident            [Unskilled]
   lance              [Unskilled]
   bow                [Unskilled]
   sling              [Unskilled]
   crossbow           [Unskilled]
   dart               [Skilled]
   shuriken           [Unskilled]
   boomerang          [Unskilled]
   whip               [Unskilled]
   unicorn horn       [Unskilled]
 Spellcasting Skills
   divination spells  [Unskilled]
   enchantment spells [Unskilled]
   escape spells      [Unskilled]

Voluntary challenges:
 Character rerolling was not enabled.
 You never genocided any monsters.
 You never polymorphed an object.
 You never changed form.
 You used no wishes.
Achievements:
 You entered the Gnomish Mines.
 You attained the rank of Sightseer.
 You entered Minetown.
 You entered a shop.
 You entered a temple.
 You attained the rank of Excursionist.

 The Dungeons of Doom: levels 1 to 2
    Level 1:
       A fountain.
    Level 2:
       Stairs down to The Gnomish Mines.
 The Gnomish Mines: levels 3 to 6
    Level 3:
    Level 4:
    Level 5:
       Many shops, a temple and an altar, some fountains, a sink.
    Level 6: <- You were here.
       Final resting place for
          you, killed by a gold golem.


Vanquished creatures:
  a gnome ruler
  6 gnome leaders
  2 gnomish wizards
  a gray ooze
  6 dwarves
  a kobold shaman
  5 monkeys
 an acid blob
  a coyote
  a hobbit
  4 manes
  2 large kobolds
  2 hobgoblins
  a giant rat
 33 gnomes
  a jackal
  3 foxes
  2 sewer rats
  5 grid bugs
  3 lichens
  a kobold zombie
  3 newts
85 creatures vanquished.

No species were genocided or became extinct.

Game over:
                       ----------
                      /          \
                     /    REST    \
                    /      IN      \
                   /     PEACE      \
                  /                  \
                  |      Brudee      |
                  |      249 Au      |
                  | killed by a gold |
                  |      golem       |
                  |                  |
                  |                  |
                  |       2026       |
                 *|     *  *  *      | *
        _________)/\\_//(\/(/\)/\//\/|_)_______

Aloha Brudee the Tourist...

You died in The Gnomish Mines on dungeon level 6 with 2217 points,
and 249 pieces of gold, after 2174 moves.
You were level 6 with a maximum of 43 hit points when you died.

